 Dungeon Crawl Stone Soup version 0.17-a0-1421-g95311d7 (webtiles) character file.

7 patman the Cudgeler (level 2, 0/15 HPs)
             Began as a Vine Stalker Gladiator on June 24, 2015.
             Slain by a shadow imp (6 damage)
             ... summoned by Natasha
             ... on level 2 of the Dungeon.
             The game lasted 00:00:54 (94 turns).

patman the Cudgeler (Vine Stalker Gladiator)          Turns: 94, Time: 00:00:54

Health: 0/15       AC:  4    Str: 17    XL:     2   Next: 0%
Magic:  0/3        EV: 12    Int:  8    God:
Gold:   12         SH:  0    Dex: 14    Spells: 0 memorised, 1 level left

rFire  . . .     SeeInvis .     a - +0 flail
rCold  . . .     Clarity  .     b - +0 leather armour
rNeg   . . .     SustAt   .     (no shield)
rPois  .         Gourm    .     c - +0 helmet
rElec  .         Spirit   +     (no cloak)
rCorr  .         Warding  .     (no gloves)
rMut   .         Stasis   .     (no boots)
MR     .....                    (no amulet)
Stlth  +.........               (no ring)
                                (no ring)

@: lethally poisoned (0 -> -2), slowed, very slow, not resistant to hostile
enchantments, very unstealthy
A: fangs 2, regeneration 1, magic shield, antimagic bite, no device heal 3, rot
immunity
a: no special abilities


You were on level 2 of the Dungeon.
You were not hungry.

You visited 1 branch of the dungeon, and saw 2 of its levels.

You collected 12 gold pieces.

Inventory:

Hand weapons
 a - a +0 flail (weapon)
Missiles
 d - 3 throwing nets (quivered)
Armour
 b - a +0 leather armour (worn)
 c - a +0 helmet (worn)
Potions
 f - a potion of flight {unknown}
Comestibles
 e - a bread ration
 g - a beef jerky
 h - a chunk of flesh


   Skills:
 - Level 1.7 Fighting
 + Level 3.1 Maces & Flails
 - Level 1.7 Throwing
 - Level 2.4 Dodging


You had one spell level left.
You didn't know any spells.

Dungeon Overview and Level Annotations

Branches:
Dungeon (2/15)

Altars:

Annotations:
D:2 Natasha


Innate Abilities, Weirdness & Mutations

You have extremely sharp teeth.
Your natural rate of healing is unusually fast.
When hurt, damage is shared between your health and your magic reserves.
Your bite disrupts and absorbs the magic of your enemies.
Potions and wands cannot restore your health.
You are immune to rotting.


Message History

The crimson imp spits at you. The crimson imp misses you.
The shadow imp barely misses you.
The crimson imp hits you but does no damage.
The kobold hits you with a dagger.
Natasha zaps a wand.
You resist with significant effort. The adder barely misses you.
The crimson imp closely misses you.
The shadow imp hits you but does no damage.
The crimson imp grinds its teeth.
The crimson imp misses you.
Unknown command.
Unknown command.
You barely miss Natasha.
Natasha is severely wounded.
The adder bites you.
You are poisoned.
The adder poisons you! The kobold barely misses you.
Natasha zaps a wand.
You resist with significant effort.
The crimson imp shouts, "Flee, thou yeasty weather-bitten measle!"
The crimson imp closely misses you. The shadow imp hits you.
You die...

#.# #.# #.# ###.#
## ..#.# .# #.#.#
.# # #.#.###.#
#####.#.#.5.S.##
..........K@h.>##
####..#....55...#
#? ###....##.w.#
#..#((....# .##
#.........#
#.##.##.#.#
#.....(<#.#
#......<(.#
#.#########


You could see a worm, Natasha, 2 crimson imps, an adder, a shadow imp and a
kobold.

Vanquished Creatures
  3 goblins (D:1)
  2 ball pythons (D:2)
  2 kobolds
7 creatures vanquished.

Vanquished Creatures (others)
  A ghoul (D:1)
  A gargoyle (D:1)
  2 trolls (D:1)
  A formicid (D:1)
  A vampire (D:1)
  A spriggan (D:1)
  A naga (D:1)
  2 dwarves (D:1)
  An ogre (D:1)
  2 orcs (D:1)
  2 kobolds (D:1)
  6 tentacles (D:1)
  39 tentacle segments (D:1)
60 creatures vanquished.

Grand Total: 67 creatures vanquished

Notes
Turn   | Place    | Note
--------------------------------------------------------------
     0 | D:1      | patman the Vine Stalker Gladiator began the quest for the Orb.
     0 | D:1      | Reached XP level 1. HP: 11/11 MP: 2/2
     2 | D:1      | Noticed a dwarf
     2 | D:1      | Noticed a gargoyle
     2 | D:1      | Noticed a naga
     2 | D:1      | Noticed a troll
     2 | D:1      | Noticed a dwarf
     2 | D:1      | Noticed a troll
     2 | D:1      | Noticed a ghoul
     2 | D:1      | Noticed an ogre
     2 | D:1      | Noticed a kraken
     2 | D:1      | Noticed a vampire
     2 | D:1      | Noticed a spriggan
     2 | D:1      | Noticed a formicid
     4 | D:1      | Killed a dwarf
     6 | D:1      | Killed a gargoyle
     7 | D:1      | Killed a naga
     8 | D:1      | Killed a dwarf
     9 | D:1      | Killed a troll
    10 | D:1      | Killed an ogre
    12 | D:1      | Killed a vampire
    13 | D:1      | Killed a spriggan
    15 | D:1      | Killed a ghoul
    16 | D:1      | Killed a formicid
    17 | D:1      | Killed a troll
    44 | D:1      | Reached skill level 3 in Maces & Flails
    80 | D:2      | Reached XP level 2. HP: 15/15 MP: 3/3
    81 | D:2      | Noticed Natasha
    94 | D:2      | Slain by a shadow imp

Vault maps used:
D:1:      nicolae_arrival_kraken_aquarium_b
D:2:      first_bread, kennysheep_jessica_study, uniq_natasha, uniq_jessica

Action                   || total
-------------------------++-------
Melee: Flail             ||    14
